 Dungeon Crawl Stone Soup version 0.22.1-1-ga44c0e56f4 (webtiles) character file.

63 Jynx the Changer (level 3, -1/28 HPs)
             Began as a Draconian Transmuter on Nov 4, 2018.
             Slain by Sigmund
             ... wielding a +2 scythe of protection
              (12 damage)
             ... on level 2 of the Dungeon.
             The game lasted 00:02:48 (1359 turns).

Jynx the Changer (Draconian Transmuter)             Turns: 1359, Time: 00:02:49

Health: -1/28      AC:  5    Str: 12    XL:     3   Next: 89%
Magic:  0/7        EV: 12    Int: 13    God:
Gold:   74         SH:  0    Dex: 12    Spells: 1/7 levels left

rFire    . . .     SeeInvis .     - Unarmed
rCold    . . .     Gourm    .   (no shield)
rNeg     . . .     Faith    .   (armour unavailable)
rPois    .         Spirit   .   (helmet restricted)
rElec    .         Reflect  .   (no cloak)
rCorr    .         Harm     .   (no gloves)
MR       .....                  (boots currently unavailable)
Stlth    +.........             (no amulet)
HPRegen  0.09/turn              (no ring)
MPRegen  0.10/turn              (no ring)

@: appendage
A: unfitting armour, talons 3, cold-blooded, AC +5
a: End Transformation


You were on level 2 of the Dungeon.
You were hungry.
You had grown temporary talons.
You visited 1 branch of the dungeon, and saw 2 of its levels.

You collected 74 gold pieces.

Inventory:

Missiles
 a - 63 arrows
Wands
 j - a wand of clouds (3)
Scrolls
 b - a scroll of magic mapping {unknown}
 d - a scroll of enchant armour {unknown}
 e - a scroll of identify {unknown}
 f - a scroll of amnesia {unknown}
 k - a scroll of teleportation {unknown}
 l - a scroll of blinking {unknown}
Potions
 g - a potion of heal wounds {unknown}
 i - a potion of mutation {unknown}
 m - a potion of brilliance {unknown}
Comestibles
 c - 5 rations


   Skills:
 - Level 1.1 Fighting
 - Level 1.7 Dodging
 - Level 3.0 Unarmed Combat
 + Level 2.7 Spellcasting
 * Level 3.6 Transmutations


You had one spell level left.
You knew the following spells:

 Your Spells              Type           Power        Failure   Level  Hunger
a - Beastly Appendage     Tmut           ##....       5%          1    #......
b - Sticks to Snakes      Tmut           ##......     8%          2    ###....
c - Spider Form           Tmut/Pois      #.........   32%         3    ###....

Your spell library contained the following spells:

 Spells                   Type           Power        Failure   Level  Hunger
 Ice Form                 Ice/Tmut       #.......     73%         4    #####..
 Blade Hands              Tmut           ##........   82%         5    ######.


Dungeon Overview and Level Annotations

Branches:
Dungeon (2/15)

Altars:

Annotations:
D:2 Sigmund


Innate Abilities, Weirdness & Mutations

Your plain brown scales are hard. (AC +5)
You cannot fit into any form of body armour.
You are cold-blooded and may be slowed by cold attacks.
You have claws for feet.


Message History

Your ball python dies!
Casting: Sticks to Snakes (safe; 8% risk of failure)
Confirm with . or Enter, or press ? or * to list all spells.
You create a snake!
You now have 64 arrows.
Sigmund points at you and mumbles some strange words.
The magic dart hits your ball python.
Your ball python dies!
Casting: Sticks to Snakes (safe; 8% risk of failure)
Confirm with . or Enter, or press ? or * to list all spells.
You create a snake!
You now have 63 arrows.
Casting: Sticks to Snakes (safe; 8% risk of failure)
Confirm with . or Enter, or press ? or * to list all spells.
Your feet morph into talons.
Sigmund hits you from afar with a scythe of protection!
Sigmund points at you and mumbles some strange words.
The puff of flame hits you!
Your ball python bites Sigmund but does no damage.
Your ball python grabs Sigmund.
Your ball python constricts Sigmund.
Sigmund hits you with a scythe of protection!
You die...

####.#
#.......##.#(.'.
..##.#
#.#>######.#..#.
#.##.# #.#.# #.#+##.
#.##.# #.#.# #......
#.##.# #.#.# #.#'##.
#.##.# #.#.# #.#..÷.
###.##.########.#.#
#.#..#.
#............<..#.#
#.####.
#............@S...#
#......
###.##.....###@#######
#.####. #.######.#
#........ #.#..'.
######.# #.# #.#######
#.#⌠.#. #......# #..
..# #.####. .......#
############# #......
#####.## #.........#
#######
#.#########.#######.#
#. #...........#
#.########.


You could see Sigmund and a friendly ball python.

Vanquished Creatures
  2 adders (D:2)
  2 oozes
  A worm (D:2)
  A dart slug (D:1)
  4 leopard geckos
  2 ball pythons (D:2)
  3 giant cockroaches
  2 hobgoblins
  3 bats
  A frilled lizard (D:1)
  5 kobolds
  3 rats
29 creatures vanquished.

Notes
Turn   | Place    | Note
-------+----------+-------------------------------------------
     0 | D:1      | Jynx the Draconian Transmuter began the quest for the Orb.
     0 | D:1      | Reached XP level 1. HP: 16/16 MP: 3/3
   141 | D:1      | You fall through a shaft!
   248 | D:1      | Reached XP level 2. HP: 20/23 MP: 5/5
   796 | D:2      | Reached XP level 3. HP: 28/28 MP: 6/6
   800 | D:2      | Learned a level 2 spell: Sticks to Snakes
   804 | D:2      | Learned a level 3 spell: Spider Form
  1349 | D:2      | Noticed Sigmund
  1359 | D:2      | Slain by Sigmund

Skill      XL: |  1  2 |
---------------+-------+-----
Transmutations | 3 |  3.6
Fighting       | |  1.1
Dodging        | |  1.7
Unarmed Combat | |  3.0
Spellcasting   | |  2.7

Action                   || total
-------------------------++-------
Melee: Unarmed           ||   118
       Tailslap          ||    10
       Kick              ||     4
       Punch             ||     1
       Headbutt          ||     4
 Cast: Beastly Appendage ||     7
       Sticks to Snakes  ||     3
 Stab: Sleeping          ||     2
  Eat: Chunk             ||     1
Armor: Skin              ||    34
Dodge: Dodged            ||    91
